Cogmind - Beta 14 @@@ ROGUE MODE // 2024.09.04 @ 20:31:54 Player: BadFPS Result: Destroyed by R2-MPG(R) with Subdweller Beam Cannon Performance ------------- Evolutions (0) 0 Regions Visited (2) 400 Robots Destroyed (43) 215 Value Destroyed (668) 668 Prototype IDs (0) 0 Alien Tech Used (0) 0 Bonus (0) 0 TOTAL SCORE: 1283 Bonus ------- None Cogmind --------- Core Integrity 0/250 Matter 236/300 Energy 100/100 System Corruption 3% Temperature Cool (9) Movement Rolling (120) Ox1 Location -10/Subcaves Parts ------- > --- POWER (1) -------- (None) > --- PROPULSION (2) --- Light Treads Subdweller Monowheel > --- UTILITY (2) ------ Medium Storage Unit Makeshift Kinetic Plating > --- WEAPON (2) ------- Battle Rifle Barrage Gun > --- INVENTORY (10) --- Subdweller Power Source Aluminum Leg Subdweller Optics Sensor Array Signal Interpreter Scrap Shield Particle Gun Subdweller Beam Cannon Mining Laser Peak State ------------ > --- POWER ------------ Subdweller Power Source > --- PROPULSION ------- Light Treads Subdweller Monowheel > --- UTILITY ---------- Medium Storage Unit Makeshift Kinetic Plating > --- WEAPON ----------- Subdweller Beam Cannon Barrage Gun > --- INVENTORY -------- Aluminum Leg Subdweller Optics Sensor Array Signal Interpreter Scrap Shield Particle Gun Mining Laser [Rating: 16] Favorites ----------- Power Light Ion Engine Engine Light Ion Engine Propulsion Aluminum Leg Treads Light Treads Leg Aluminum Leg Wheel Subdweller Monowheel Utility Medium Storage Unit Device Sensor Array Storage Medium Storage Unit Processor Targeting Computer Protection Light Armor Plating Weapon Autogun Energy Gun Particle Gun Energy Cannon Subdweller Beam Cannon Ballistic Gun Autogun Special Weapon Mining Laser Build | -11 -10 -10 ------- Run | Yrd Mat Sub Slots Evolved . | . . . Power . | . . . Propulsion . | . . . Utility . | . . . Weapon . | . . . Parts Attached 69 | 8 31 30 Power 6 | 1 2 3 Engine 6 | 1 2 3 Core . | . . . Reactor . | . . . Propulsion 11 | 2 8 1 Treads 3 | . 3 . Leg 7 | 2 5 . Wheel 1 | . . 1 Hover . | . . . Flight . | . . . Utility 20 | 2 5 13 Device 8 | 1 1 6 Storage 3 | 1 2 . Processor 1 | . . 1 Hackware . | . . . Protection 8 | . 2 6 Artifact . | . . . Weapon 32 | 3 16 13 Energy Gun 5 | . 4 1 Energy Cannon 2 | . 1 1 Ballistic Gun 19 | 3 8 8 Ballistic Cannon . | . . . Launcher . | . . . Special Weapon 6 | . 3 3 Impact Weapon . | . . . Slashing Weapon . | . . . Piercing Weapon . | . . . Special Melee Weapon . | . . . Unidentified Prototypes . | . . . Parts Lost 6 | . 2 4 Power 2 | . . 2 Propulsion . | . . . Utility 3 | . 2 1 Weapon 1 | . . 1 Highest Loss Streak 2 | . 1 2 To Critical Strikes . | . . . Average Slot Usage (%) 96 | . 98 94 Engine 12 | . 14 9 Treads 9 | . 5 14 Leg 13 | . 22 1 Wheel 5 | . . 12 Device 5 | . 3 9 Storage 13 | . 12 14 Protection 7 | . 10 3 Energy Gun 9 | . 12 5 Ballistic Gun 17 | . 15 20 Peak Build Rating 16 | 7 10 16 Average Rating 10 | 6 9 12 On Entrance 5 | . 7 10 Naked Turns . | . . . Heaviest Build 33 | 15 24 33 Greatest Support 20 | 20 20 20 Greatest Overweight (x) 4 | 4 1 1 Average Overweight (x) . | . . . Largest Inventory Capacity 10 | 8 10 10 Average Capacity 9 | 7 9 10 Most Carried 10 | 6 10 10 Average Carried 8 | 4 8 9 Final Capacity 10 | 8 10 10 Final Carried 10 | 6 10 10 Class Distribution -------------------- 96% | Mutant 3% | Scavenger-Mutant Dominant Class ---------------- Mutant | -10/Materials Mutant | -10/Subcaves Resources | -11 -10 -10 ----------- Run | Yrd Mat Sub Matter Collected 1687 | 437 550 700 Remotely . | . . . Salvage Created 1166 | 345 467 354 Parts 98 | 33 40 25 Haulers Intercepted 2 | . 2 . Recyclers Shooed 2 | 1 1 . Parts Field Recycled . | . . . Retrieved Matter . | . . . Parts Self-Destructed . | . . . Prevented . | . . . Kills | -11 -10 -10 ------- Run | Yrd Mat Sub Combat Hostiles Destroyed 19 | . 11 8 Guns 17 | . 11 6 Cannons 2 | . . 2 Classes Destroyed 9 | 3 5 1 Worker 5 | 4 1 . Tunneler 9 | 9 . . Hauler 2 | . 2 . Recycler 2 | 1 1 . Operator 3 | . 3 . Watcher 3 | . 3 . Swarmer 9 | . 9 . Grunt 2 | . 2 . Subdweller 8 | . . 8 Best Kill Streak 5 | 4 5 2 Combat Bots Only 5 | . 5 2 Max Kills in Single Turn 1 | 1 1 1 Gunslinging . | . . . Exploded . | . . . Melee . | . . . Uniques/NPCs Destroyed . | . . . Combat | -11 -10 -10 -------- Run | Yrd Mat Sub Hostile Shots Fired 123 | . 61 62 Missed 38 | . 17 21 Damage Taken 1518 | . 609 909 Core 251 | . 124 127 Absorbed by Shields . | . . . Ignored by Resistances 33 | . . 33 Regen/Repaired (Parts) 41 | . 41 . Core Remaining (%) 100 | 100 . . Volleys Fired 153 | 27 58 68 Largest 2 | 2 2 2 Hottest 130 | 40 130 108 Shots Fired 276 | 53 109 114 Gun 235 | 53 101 81 Cannon 9 | . . 9 Launcher . | . . . Special 32 | . 8 24 Kinetic 211 | 53 77 81 Thermal 65 | . 32 33 Explosive . | . . . Electromagnetic . | . . . Robot Hit Streak 12 | 11 9 12 Robot Miss Streak 5 | 5 3 2 Penetration Max . | . . . Secondary Targets 2 | . 1 1 Max Gunslinging Chain 1 | . 1 1 Shots Hit Robots 157 | 30 61 66 Core Hits 56 | 15 26 15 Critical Kills . | . . . Critical Parts Destroyed . | . . . Critical Strikes 1 | . 1 . Burn 1 | . 1 . Melee Attacks . | . . . Impact . | . . . Slashing . | . . . Piercing . | . . . Sneak Attacks . | . . . Combat Hostiles . | . . . Follow-up Attacks . | . . . Damage Inflicted 2285 | 376 919 990 Guns 2105 | 376 907 822 Cannons 168 | . . 168 Explosions . | . . . Melee . | . . . Ramming 12 | . 12 . Kinetic 1853 | 376 655 822 Thermal 420 | . 252 168 Explosive . | . . . Electromagnetic . | . . . Impact . | . . . Slashing . | . . . Piercing . | . . . Highest Corruption 3 | . 3 3 Average Corruption 2 | . 2 3 Corruption Purged . | . . . Corruption Blocked . | . . . Effects 62 | . 35 27 Message Errors 18 | . 12 6 Matter Fused 17 | . 12 5 Heat Flow Errors 5 | . 2 3 Energy Discharges 6 | . 1 5 Data Loss (minor) 10 | . 5 5 Data Loss (major) 2 | . 2 . Misfires 3 | . 1 2 Alerts 1 | . . 1 Overload Shots . | . . . Overflow Damage . | . . . Projectiles . | . . . Explosions . | . . . Melee . | . . . Knockbacks . | . . . Impact . | . . . Kinetic . | . . . Secondary . | . . . Self-Inflicted Damage . | . . . Shots . | . . . Rammed 3 | . 3 . Targets Rammed 3 | . 3 . Kicked . | . . . Crushed . | . . . Highest Temperature 255 | . 255 248 Average Temperature 53 | . 52 63 Received Heat Transfer 246 | . 60 186 Effects 1 | . 1 . Energy Bleed 1 | . 1 . Siege Activations . | . . . Robots Corrupted . | . . . Combat Hostiles . | . . . Parts Fried . | . . . Impact Corruptions . | . . . Robots Melted . | . . . Combat Hostiles . | . . . Parts Melted 3 | . 2 1 Heat Transferred 888 | . 666 222 Parts Sabotaged . | . . . Parts Stolen . | . . . Parts Stripped . | . . . Power Chain Reactions . | . . . Alert | -11 -10 -10 ------- Run | Yrd Mat Sub Peak Influence 274 | 70 274 . Initial . | . . . Average 53 | 24 60 . Maximum Alert Level 1 | . 1 . Low Security (%) 93 | 100 91 . Level 1 6 | . 8 . Level 2 . | . . . Level 3 . | . . . Level 4 . | . . . Level 5 . | . . . High Security . | . . . Max Security . | . . . Squads Dispatched 3 | . 3 . Investigation 1 | . 1 . Extermination . | . . . Reinforcement 2 | . 2 . Assault . | . . . Garrison . | . . . Intercept . | . . . Searches Triggered . | . . . Construction Impeded . | . . . Haulers Reinforced . | . . . Active Scanning Responses . | . . . Cargo Convoy Interrupts . | . . . Stealth | -11 -10 -10 --------- Run | Yrd Mat Sub Distress Signals 4 | . 4 . Communications Jammed . | . . . Distress Signals . | . . . Times Spotted 33 | . 23 10 Peak Tracking Total 4 | . 4 2 Tactical Retreats 1 | . 1 . Traps | -11 -10 -10 ------- Run | Yrd Mat Sub Traps Triggered . | . . . Indirectly . | . . . Trap Hack Attempts . | . . . Triggered . | . . . Disarmed . | . . . Reprogrammed . | . . . Reused . | . . . Traps Extracted . | . . . Installed . | . . . Triggered . | . . . Machines | -11 -10 -10 ---------- Run | Yrd Mat Sub Machines Disabled 1 | . 1 . Max in Single Turn 1 | . 1 . Machines Repaired . | . . . Machines Dismantled . | . . . Machines Sabotaged . | . . . Overloaded Fab Kills . | . . . Hacking | -11 -10 -10 --------- Run | Yrd Mat Sub Machines Accessed 8 | . 8 . Terminals 6 | . 6 . Fabricators . | . . . Repair Stations 1 | . 1 . Recycling Units 1 | . 1 . Scanalyzers . | . . . Garrison Access . | . . . Total Hacks 26 | . 26 . Successful 14 | . 14 . Failed 12 | . 12 . Catastrophic 1 | . 1 . Database Lockouts . | . . . Manual 17 | . 17 . Terminals 20 | . 20 . Fabricators . | . . . Repair Stations 2 | . 2 . Recycling Units 4 | . 4 . Scanalyzers . | . . . Garrison Access . | . . . Terminal Hacks 6 | . 6 . Emergency Access Points 1 | . 1 . Unreport Threat 1 | . 1 . Locate Traps 1 | . 1 . Recall Investigation 1 | . 1 . Zone Layout 2 | . 2 . Fabricator Hacks . | . . . Repair Station Hacks 2 | . 2 . Scan Component 1 | . 1 . Repair 1 | . 1 . Recycling Unit Hacks 2 | . 2 . Report Inventory 1 | . 1 . Retrieve Components 1 | . 1 . Scanalyzer . | . . . Garrison Access Hacks . | . . . Unauthorized Hacks 4 | . 4 . Terminals 4 | . 4 . Botnet 4 | . 4 . Fabricators . | . . . Repair Stations . | . . . Recycling Units . | . . . Scanalyzers . | . . . Garrison Access . | . . . Data Cores Recovered 1 | . 1 . Used . | . . . Hacking Detections 7 | . 7 . Full Trace Events 2 | . 2 . Feedback Events 1 | . 1 . Corruption 1 | . 1 . Feedback Blocked . | . . . Robot Schematics Acquired . | . . . Robots Built . | . . . Authchips . | . . . Time . | . . . Total Robot Build Rating . | . . . Part Schematics Acquired . | . . . Parts Built . | . . . Authchips . | . . . Time . | . . . Total Part Build Rating . | . . . Parts Repaired 1 | . 1 . Time 32 | . 32 . Parts Recycled . | . . . Recycled Matter . | . . . Retrieved Matter . | . . . Retrieved Components 2 | . 2 . Parts Scanalyzed . | . . . Part Schematics Acquired . | . . . Parts Damaged . | . . . Bothacking | -11 -10 -10 ------------ Run | Yrd Mat Sub Used RIF Installer . | . . . Robots Hacked . | . . . Non-combat . | . . . Combat . | . . . Robot Hacks Applied . | . . . Relay Couplers Released . | . . . Fabnet Peak Effective % . | . . . Robots Rewired . | . . . Allies Hacked . | . . . Hacks Repelled . | . . . Allies | -11 -10 -10 -------- Run | Yrd Mat Sub Total Allies . | . . . Largest Group . | . . . Highest-Rated Group . | . . . Highest-Rated Ally . | . . . Total Orders . | . . . Ally Attacks . | . . . Total Damage . | . . . Kills . | . . . Allies Corrupted . | . . . Allies Melted . | . . . Intel | -11 -10 -10 ------- Run | Yrd Mat Sub Robot Analysis Total . | . . . Derelict Logs Recovered 1 | . . 1 Drone Launches . | . . . Drone Recoveries . | . . . Exploration | -11 -10 -10 ------------- Run | Yrd Mat Sub Turns Passed 4845 | 542 2512 1791 Spaces Moved 2039 | 187 1021 831 Core 40 | 40 . . Treads 418 | . 377 41 Legs 791 | 147 644 . Wheels 790 | . . 790 Hover . | . . . Flight . | . . . Fastest Speed 50 | 50 120 110 Average Speed 156 | 129 191 118 Slowest Speed 250 | 250 240 240 Overloaded Moves . | . . . Propulsion Burnouts . | . . . Robots Hopped . | . . . Cave-ins Triggered 1 | . 1 . Exploration Rate (%) 47 | 8 96 37 Regions Visited 2 Branch Regions 1 Pre-discovered Areas . | . . . Known Exits Taken . | . . . Unknown Exits Taken 2 | 1 1 . Scrap Searched 7 | . . 7 Spaces Dug 8 | . 8 . Terrain Destroyed 9 | . 8 1 Melee . | . . . Projectile 9 | . 8 1 AOE . | . . . Terrain Rammed . | . . . Walls Destroyed . | . . . Machines Disabled . | . . . Actions | -11 -10 -10 --------- Run | Yrd Mat Sub Total 3368 | 430 1454 1484 Wait 1041 | 202 310 529 Move 2037 | 186 1020 831 Hop . | . . . Pick Up 34 | 7 15 12 Fast Attach 13 | 5 5 3 Attach 10 | 2 2 6 Detach 3 | . 1 2 Swap 46 | 1 24 21 Drop 28 | . 16 12 Fire 153 | 27 58 68 Melee . | . . . Ram . | . . . Kick . | . . . Crush 3 | . 3 . Escape Stasis . | . . . Rewire . | . . . Trap . | . . . Miscellaneous . | . . . Route ------- -11/Scrapyard -10/Materials (discovered 6 exits: [*Mat x3] / [*Min x2] / [*Sub]) -10/Subcaves History --------- Turn | Location | Event 9 | -11/Scrapyard | Discovered new exit (range 16) 543 | -11/Scrapyard | Entered Materials 544 | -10/Materials | Build established: Mutant 761 | -10/Materials | Discovered new exit (range 20) 761 | -10/Materials | Discovered new exit (range 16) 826 | -10/Materials | Crushed by falling debris 1530 | -10/Materials | Discovered new exit (range 7) 1706 | -10/Materials | Discovered new exit (range 16) 1947 | -10/Materials | Discovered new exit (range 13) 2806 | -10/Materials | Discovered new exit (range 15) 2882 | -10/Materials | Repaired Autogun 3055 | -10/Materials | Entered Subcaves 3058 | -10/Subcaves | Learned Materials terminal intel 3154 | -10/Subcaves | Disturbed a concealed Subdweller 3182 | -10/Subcaves | Core integrity fell below 50% 4033 | -10/Subcaves | Shifting Twisted Machinery released Sub. Machine Gun 4093 | -10/Subcaves | Core integrity fell below 20% 4132 | -10/Subcaves | Shifting Twisted Machinery released Sub. Beam Cannon 4192 | -10/Subcaves | Shifting Twisted Machinery released Shrapnel Trap 4266 | -10/Subcaves | Shifting Twisted Machinery released Piercing Trap 4554 | -10/Subcaves | A swath of the cavern ceiling suddenly collapsed 4846 | -10/Subcaves | Destroyed by R2-MPG(R) with Subdweller Beam Cannon Last Messages --------------- 04368_ System corrupted: Energy discharge (-26). 04436_ System corrupted: Energy discharge (-21). 04451_ System corrupted: Energy discharge (-36). 04455_ Acquired 5 matter. 04513_ Acquired 4 matter. 04541_ Searching scrap... 04541_ Found Battle Rifle. 04541_ Found Sub. Machine Gun. 04541_ Found 59 Matter. 04542_ Acquired 31 matter. 04542_ Dropped Sub. Machine Gun. 04544_ Acquired Battle Rifle. A swath of the cavern ceiling suddenly collapses. 04620_ VG TMPGISH 1:J0UHHOND 04645_ System corrupted: Component data lost. 04667_ Dropped Barrage Gun. 04668_ Acquired Barrage Gun. 04729_ System corrupted: Component data lost. 04833_ GK-XVE(R): "LEAVESUB!" Map ----- +----------------------------------------------------+ | ?????????????????????????????????????????????????? | | ?????????????????????????????????????????????????? | | ?????????????????????????????????????????????????? | | ?????????????????????????????????????????????????? | | ?????????????????????????????????????????????????? | | ?????????????????????????????????????????????????? | | ?????????????????????????????################????? | | ?????????????????????????????# " ## ##???? | | ?????????????????????????????## "" "" #???? | | ????????????????????????##????### ###"" #???? | | ???????????????????????? ??????####?#" #???? | | ???????????????????????? R???????????##" #???? | | ????????????????????????# ????????????# ### #???? | | ????????????????????????# ??????????###"""## #???? | | ????????????????????????# ?????????## "#### #??? | | ???????????????????????## ?????????# ""#"""#" #??? | | ??????????????????#?##?# R#????????# ####"#####??? | | ?????????????????## # ## ###??????#"##??##??????? | | ????????????????## #########"#??????????? | | ????????????????# ##;# """#"#??????????? | | ?????????????????????# ##;;;###"# #??????????? | | ?????????????????????### #;;##?##""#??????????? | | ???????????????????????# ;##### ###??????????? | | ???????????????????????## #####""##????????????? | | ???????????????????????# #?##""##?####????????? | | ???????????????????????##@ ####"#"####""##???##### | | ???????????????????????# # #?# ###"""""#"#??## | | ??????????????????? ???### #?## #######"##?## | | ???????????????????? ???##%#?## #???###??# | | ?????????????????##?? #?# #### ##???????# | | ?????????????????? ??# ##[### #???????# | | ??????????????????? ??# #% ## #?????### | | ???????????????????? ??#[## ## ##?????# | | ????????????????????# ?## ## ## %##??????# | | ????????????????????# #?? ## # #??????# | | ?????????????????????# ##? ## ####?????## | | ??????????????????????# ##?#%# #??????## | | ??????????????????????## ##?# ##????### ## | | ???????????????????????## #?## ##???## ### | | ????????????????????????# #??# ##### ##?? | | ????????????????????????# #### # #??? | | ???????????????????????## ## # ## ##?? | | ???????????????????????# ##### ## ### ##? | | ???????????????????????## #### #????# ## | | ????????????????????????## ## ##????# | | ?????????????????????????## # #?????######### | | ?????????????????????????# # ##???????????## # | | ?????????????????????????# ## ##?########## ## | | ?????????????????????????##### ### ## # ##? | | ?????????????????????????????## # ## #?? | +----------------------------------------------------+ Best States ------------- Heat Dissipation 25 Energy Generation 15 Energy Capacity 250 Matter Stores 300 Matter Capacity 300 Sight Range 16 Robot Scan Range 14 Terrain Scan Density 10 Armor Coverage 150 Resistance: KI 10 Evasion (%) 55 Targeting Accuracy 5 Recoil Reduction 2 Item Schematics ----------------- None Robot Schematics ------------------ None Fabricated ------------ Nothing Alien Tech Used ----------------- None Achievements -------------- Unlikely Earthworm Challenges ------------ None Game ------ Seed BeamHellfireShockpuncher Manual? 0 Play Time 00:36:50 Cumulative 29.3 hours Start 2024.09.04 @ 19:54:26 End 2024.09.04 @ 20:31:54 Sessions 1 Manual Loads 0 Difficulty Rogue Special Mode None Game No. 16 Rogue 16 Adventurer 0 Explorer 0 Win Type - Total 0 Types 0/0/0/0/0/0/0/0/0 Lore% 29 Gallery% 30 Achievement% 27 Wizard Run 0 Options --------- Layout 2 ASCII 0 Keyboard 0 Movement Mouse Keybinds 0 Fullscreen 1 Font 24/Smallcaps Map View 50x44 Zoom Use 0% Tactical HUD 1 Map Filters NONE Filters NONE Steam 1 RUN: a24f6f3e-b05b-4133-8af1-5c71bd16f36a